 Dungeon Crawl Stone Soup version 0.30-a0-913-g9934a0ce24 (webtiles) character file.

Game seed: 3279455457461593411

137 cheesebisquit the Covered (level 5, -7/48 HPs)
             Began as an Armataur Fighter on Mar 19, 2023.
             Mangled by a wyvern (9 damage)
             ... on level 4 of the Dungeon.
             The game lasted 00:09:29 (2528 turns).

cheesebisquit the Covered (Armataur Fighter)        Turns: 2528, Time: 00:09:30

Health: -7/48      AC:  8    Str: 23    XL:     5   Next: 0%
Magic:  5/5        EV:  5    Int:  8    God:
Gold:   258        SH:  5    Dex: 10    Spells: 4/4 levels left

rFire   . . .      SeeInvis .    a - +0 flail
rCold   . . .      Faith    .    c - +1 buckler
rNeg    . . .      Spirit   .    o - +0 chain mail
rPois   .          Reflect  .    (no helmet)
rElec   .          Roll     +    l - scarf {+Inv}
rCorr   .                        (no gloves)
Will    .....                    (no barding) Stlth
                                 (no amulet)
HPRegen 0.28/turn                (no ring)
MPRegen 0.09/turn                (no ring)

@: mighty
A: large, rugged brown scales 3, deformed body, armoured tail, roll, long
tongue, awkward tongue
a: Evoke Invisibility


You were on level 4 of the Dungeon.
You visited 1 branch of the dungeon, and saw 4 of its levels.

You collected 258 gold pieces.

Inventory:

Hand Weapons
 a - a +0 flail (weapon)
Missiles
 g - 3 boomerangs (quivered)
 m - 8 poisoned darts
Armour
 c - a +1 buckler (worn)
 l - a scarf of invisibility (worn)
 o - a +0 chain mail (worn)
Scrolls
 h - a scroll of fear {unknown}
 k - a scroll of vulnerability {unknown}
 n - a scroll of fog {unknown}
 p - a scroll of teleportation {unknown}
 r - a scroll of silence {unknown}
Potions
 f - a potion of curing
 i - a potion of degeneration {unknown}
 q - a potion of resistance
 s - a potion of mutation


   Skills:
 + Level 3.5 Fighting
 + Level 2.8 Maces & Flails
 + Level 4.6 Armour
 + Level 4.2 Shields


You had 4 spell levels left.
You didn't know any spells.
Your spell library contained the following spells:

 Spells                   Type           Power      Damage    Failure   Level
 Inner Flame              Hex/Fire       0%         N/A       100%        3
 Cause Fear               Hex            0%         N/A       100%        4
 Discord                  Hex            0%         N/A       100%        8


Dungeon Overview and Level Annotations

Branches:
Dungeon (4/15)
 Temple: D:4-7

Altars:

Shops:
D:1 =


Innate Abilities, Weirdness & Mutations

You are completely covered in rugged brown scales. (AC +3, +7% HP)
Armour fits poorly on your strangely shaped body.
You have a long armoured tail.
You roll when moving toward enemies. (Rampage)
Your long tongue fully drains potion bottles. (2x potion effects)
Your tongue gives you trouble enunciating. (1.5x scroll delay)


Message History

There is an escape hatch in the floor here.
Found a dagger.
You now have 246 gold pieces (gained 18).
You now have 258 gold pieces (gained 12).
A wyvern comes into view.
The wyvern hisses angrily.
An orc comes into view. It is wielding a +0 dagger.
A phantom comes into view.
A dart slug comes into view.
You barely miss the wyvern.
Your tail-slap misses the wyvern.
The wyvern bites you!
You feel very mighty all of a sudden.
You slurp down every last drop of the potion of might!
The wyvern bites you but does no damage. x2
You completely miss the wyvern.
Your tail-slap misses the wyvern.
You block the wyvern's attack. The wyvern bites you!
You sock the wyvern! You tail-slap the wyvern!
The wyvern is severely wounded.
The wyvern bites you!
* * * LOW HITPOINT WARNING * * *
The wyvern bites you!
* * * LOW HITPOINT WARNING * * *
Okay, then.
As you slowly read the scroll labelled FUNIRALOQY, it crumbles to dust.
The creatures around you are filled with an inner flame!
It was a scroll of immolation.
You block the wyvern's attack.
The phantom hits you but does no damage.
The wyvern bites you.
* * * LOW HITPOINT WARNING * * *
The phantom hits you.
* * * LOW HITPOINT WARNING * * *
As you slowly read the scroll labelled YSEJIP VERCHUETH, it crumbles to dust.
It is a scroll of enchant armour.
Your +0 buckler glows green for a moment.
The wyvern barely misses you.
The wyvern bites you but does no damage.
The phantom hits you but does no damage.
This is a scroll of acquirement!
Something appears at your feet! The wyvern bites you!
You die...

#.#.#>##..##.##.#
#.####.#.#...........# ..
.........####..##.##.#...
.♣♣♣♣#.### #..##.#).#..
♣♣.♣♣♣.# ###..##.#.#..
PPP♣...# #....##.#..##
P...P♣.# #.##.##...#
♣P..♣♣.####.##.###.#
.P..♣#..........@lo#
..♣♣♣#...........W.# .PP♣
..#####..##....# ♣♣♣♣#(.#
#..##..#.... .......#
#..##..###... ...†...#
#..##..# .... ...)...###
#..##..# ...
................... ##
...##.#######.# #.#


You could see a wyvern (inner flame), a phantom (inner flame) and an orc.

Vanquished Creatures
  A hound (D:4)
  An adder (D:4)
  2 dart slugs (D:1)
  6 orcs (D:3)
  8 bats
  4 endoplasms
  5 giant cockroaches
  11 goblins
  8 hobgoblins
  7 jackals
  4 quokkas
  6 ball pythons
  2 frilled lizards
  5 kobolds
  7 rats
77 creatures vanquished.

Notes
Turn   | Place    | Note
-------+----------+-------------------------------------------
     0 | D:1      | cheesebisquit the Armataur Fighter began the quest for the
                  | Orb.
     0 | D:1      | Reached XP level 1. HP: 19/19 MP: 1/1
    69 | D:1      | Reached XP level 2. HP: 24/26 MP: 2/2
   160 | D:1      | Found Cuciut Efug's One-of-a-Kind Rings.
   295 | D:1      | Reached XP level 3. HP: 33/33 MP: 3/3
  1759 | D:3      | Reached XP level 4. HP: 36/40 MP: 4/4
  2343 | D:4      | Reached XP level 5. HP: 12/48 MP: 5/5
  2518 | D:4      | Noticed a wyvern
  2520 | D:4      | Noticed a phantom
  2526 | D:4      | HP: 2/48 [wyvern (1)]
  2528 | D:4      | Identified a scroll of acquirement
  2528 | D:4      | Acquired a +1 barding of flying
  2528 | D:4      | Mangled by a wyvern

Illustrated notes

Levels and vault maps discovered:
D:1:      tarquinn_simple_flora_water_d, layout_basic, nicolae_shop_unique_rings
D:2:      layout_loops_ring, hangedman_decor_growths
D:3:      cheibrodos_greedy_goblins, layout_rooms,
          minmay_randomly_rotated_circles
D:4:      layout_loops_ring, lemuel_mausoleum_altar_yredelemnul,
          minmay_temple_entry_wispy, nicolae_ossuary_entry_giza, serial_forest,
          infiniplex_forest_end_2, infiniplex_forest_lined_room_,
          infiniplex_forest_clump_medium, infiniplex_forest_end_2,
          infiniplex_forest_end_double, infiniplex_forest_zigzag_1,
          infiniplex_forest_lined_2, infiniplex_forest_corner_1,
          infiniplex_forest_zigzag_1

Skill      XL: |  1  2  3  4 |
---------------+-------------+-----
Maces & Flails | 2 |  2.8
Armour         | 4 |  4.6
Fighting       | 3 |  3.5
Shields        | 4 |  4.2

Action                     |  1- 3 |  4- 6 || total
---------------------------+-------+-------++-------
  Melee: Flail             |   145 |    83 ||   228
         Tailslap          |    13 |     8 ||    21
  Throw: Boomerang         |     1 |     3 ||     4
    Use: Potion            |     3 |     1 ||     4
         Scroll            |       |     5 ||     5
 Armour: Scale mail        |    43 |       ||    43
         Chain mail        |    60 |    61 ||   121
  Dodge: Dodged            |    46 |    27 ||    73
  Block: Buckler           |    35 |    24 ||    59

Table legend: (Time is in decaauts)
 A = Elapsed time spent in this place.
 B = Non-inter-level travel time spent in this place.
 C = Inter-level travel time spent in this place.
 D = Time resting spent in this place.
 E = Time spent auto-exploring this place.
 F = Levels seen in this place.
 G = Mean time per level.
                   A        B        C        D        E       F      G
               +--------+--------+--------+--------+--------+-----+--------+
         Total |   2611 |   2364 |    247 |    117 |   1667 |   4 |  652.8 |
       Dungeon |   2611 |   2364 |    247 |    117 |   1667 |   4 |  652.8 |
               +--------+--------+--------+--------+--------+-----+--------+

Top non-repeatable levels by time:
     D:2: 1044 daAuts
     D:3: 722 daAuts
     D:1: 499 daAuts
     D:4: 346 daAuts
